 Dungeon Crawl Stone Soup version 0.22-a0-558-gc224181 (webtiles) character file.

8 Amnesiac the Magician (level 2, 0/19 HPs)
             Began as a Mummy Enchanter on June 27, 2018.
             Slain by a hobgoblin
             ... wielding a +0 club
              (3 damage)
             ... on level 1 of the Dungeon.
             The game lasted 00:00:33 (215 turns).

Amnesiac the Magician (Mummy Enchanter)              Turns: 215, Time: 00:00:34

Health: 0/19       AC:  2    Str: 11    XL:     2   Next: 0%
Magic:  4/6        EV: 12    Int: 14    God:
Gold:   5          SH:  0    Dex: 12    Spells: 6/7 levels left

rFire    x . .     SeeInvis .   c - +0 spear
rCold    + . .     Gourm    .   (no shield)
rNeg     + + +     Faith    .   b - +0 robe
rPois    ∞         Spirit   .   (no helmet)
rElec    .         Reflect  .   (no cloak)
rCorr    .         Harm     .   (no gloves)
MR       .....                  (no boots)
Stlth    ++........             (no amulet)
HPRegen  0.06/turn              (no ring)
MPRegen  0.10/turn              (no ring)

@: very slightly contaminated
A: no food or potions, fire vulnerability, cold resistance 1, negative energy
resistance 3, torment resistance, unbreathing
a: no special abilities


You were on level 1 of the Dungeon.
You were not hungry.

You visited 1 branch of the dungeon, and saw 1 of its levels.

You collected 5 gold pieces.

Inventory:

Hand Weapons
 a - a +1 dagger
 c - a +0 spear (weapon)
Armour
 b - a +0 robe (worn)


   Skills:
 - Level 0.7 Short Blades
 - Level 1.5 Dodging
 - Level 2.4 Stealth
 + Level 3.0 Spellcasting
 * Level 3.0 Hexes


You had 6 spell levels left.
You knew the following spells:

 Your Spells              Type           Power        Failure   Level  Hunger
a - Corona                Hex            ##.....      6%          1    N/A

Your spell library contained the following spells:

 Spells                   Type           Power        Failure   Level  Hunger
 Confuse                  Hex            ##......     19%         3    N/A
 Tukima's Dance           Hex            ##......     19%         3    N/A
 Ensorcelled Hibernation  Hex/Ice        #.....       17%         2    N/A
 Dazzling Spray           Conj/Hex       #.....       34%         3    N/A

Dungeon Overview and Level Annotations

Branches:
Dungeon (1/15)

Altars:


Innate Abilities, Weirdness & Mutations

You do not eat or drink.
Your flesh is vulnerable to fire.
You are immune to poison.
Your flesh is cold resistant. (rC+)
You are immune to negative energy. (rN+++)
You are immune to unholy pain and torment.
You can survive without breathing.


Message History

The dart slug is severely wounded.
The dart slug closely misses you.
You hit the dart slug but do no damage.
The dart slug is severely wounded.
The dart slug stops glowing.
The dart slug bites you but does no damage.
You hit the dart slug but do no damage.
The dart slug is severely wounded.
You hit the dart slug.
You kill the dart slug!
You start resting.
Magic restored.
There is a large open door here.
You see here a bat corpse.
The dart slug is too close now for your liking.
There are monsters nearby!
There is a large open door here.
You see here a bat corpse.
You start waiting.
The dart slug is too close now for your liking.
Casting: Corona (safe; 6% risk of failure)
Confirm with . or Enter, or press ? or * to list all spells.
Aiming: Corona (safe; 6% risk of failure)
Press: ? - help, Shift-Dir - straight line, f - dart slug
Aim: a dart slug (clinging, chance to defeat MR: 63%)
You miscast Corona.
You are very lightly contaminated with residual magic.
Nothing appears to happen.
You hit the dart slug but do no damage.
The dart slug bites you but does no damage.
You hit the dart slug but do no damage. The dart slug launches a dart at you.
The slug dart hits you!
You hit the dart slug but do no damage.
Casting: Corona (safe; 6% risk of failure)
Confirm with . or Enter, or press ? or * to list all spells.
Aiming: Corona (safe; 6% risk of failure)
Press: ? - help, Shift-Dir - straight line, f/p - dart slug
Aim: a dart slug (clinging, chance to defeat MR: 63%)
The dart slug is outlined in light.
The hobgoblin shouts!
You hear a shout!
The dart slug barely misses you.
You hit the dart slug.
The dart slug is moderately wounded.
The dart slug launches a dart at you. The slug dart hits you!
* * * LOW HITPOINT WARNING * * *
You hit the dart slug.
The dart slug is almost dead.
The dart slug launches a dart at you. The slug dart hits you!
* * * LOW HITPOINT WARNING * * *
You hit the dart slug.
You kill the dart slug!
Your Spellcasting skill increases to level 3!
Your Hexes skill increases to level 3!
You have reached level 2!
The hobgoblin barely misses you.
The kobold throws a stone.
The stone closely misses you.
You see here a stone.
The kobold throws a stone.
The stone hits you but does no damage.
The kobold throws a stone.
The stone closely misses you.
You completely miss the kobold. The hobgoblin hits you with a club.
You die...

#### #(<#
###''###
#....g.#
#(≈≈≈≈@# # ##
#.≈≈≈≈K# .#. ...
#......##.g.
##..###†'###...
#.... #..##.l##.
[.....#''#....b.
#......%#
#.....#.#
#.....#.#


You could see a hobgoblin and a kobold.

Vanquished Creatures
  2 dart slugs (D:1)
  A kobold (D:1)
  2 bats (D:1)
5 creatures vanquished.

Notes
Turn   | Place    | Note
-------+----------+-------------------------------------------
     0 | D:1      | Amnesiac the Mummy Enchanter began the quest for the Orb.
     0 | D:1      | Reached XP level 1. HP: 13/13 MP: 4/4
   207 | D:1      | Reached XP level 2. HP: 3/19 MP: 3/6
   215 | D:1      | Slain by a hobgoblin

Vault maps used:
D:1:      lightli_arrival_lavapool

Skill      XL: |  1 |
---------------+----+-----
Spellcasting   | 3 |  3.0
Hexes          | 3 |  3.0
Short Blades   | |  0.7
Dodging        | |  1.5
Stealth        | |  2.4

Action                   || total
-------------------------++-------
Melee: Spear             ||    15
       Dagger            ||     1
 Cast: Corona            ||     3
 Stab: Sleeping          ||     1
Armor: Robe              ||     4
Dodge: Dodged            ||    10

Table legend:
 A = Spawn XP
 B = Non-spawn XP
 C = Spawn XP percentage of total XP
 D = Spawn monster count
 E = Non-spawn monster count
 F = Spawn count percentage of total count
 G = Total turns spent on level
                    A         B        C        D         E        F      G
               +---------+---------+-------+---------+---------+-------+---------
         Total |       0 |      12 |   0.0 |       0 |       5 |   0.0 |   215
               +---------+---------+-------+---------+---------+-------+---------
           D:1 |       0 |      12 |   0.0 |       0 |       5 |   0.0 |   215
               +---------+---------+-------+---------+---------+-------+---------
